 Dungeon Crawl Stone Soup version 0.28-a0-726-g4a9143789a (console) character file.

Game seed: 11278570716091512001

298565 jejorda2 the Peltast (level 20, -6/168 HPs)
             Began as a Demonspawn Berserker on Oct 27, 2021.
             Was a High Priest of Trog.
             Mangled by an orc warlord (27 damage)
             ... on level 3 of the Vaults on Oct 28, 2021.
             The game lasted 02:32:58 (50488 turns).

jejorda2 the Peltast (Demonspawn Berserker)        Turns: 50488, Time: 02:32:58

Health: -6/168     AC: 42    Str: 30    XL:     20   Next: 12%
Magic:  20/20      EV: 17    Int: 10    God:    Trog [*****.]
Gold:   2672       SH: 20    Dex: 13    Spells: 19/19 levels left

rFire   + . .      SeeInvis +   w - +7 broad axe {vorpal, Str+5 Stlth+}
rCold   + . .      Faith    .   y - +1 kite shield {rN+}
rNeg    + + .      Spirit   .   o - +27 Lear's hauberk
rPois   +          Reflect  +   (helmet currently unavailable)
rElec   +          Harm     .   d - scarf {rC+ rF+}
rCorr   +          Rampage  .   (gloves currently unavailable)
Will    +++++                   (boots currently unavailable)
Stlth   ..........              n - amulet of reflection
HPRegen 1.38/turn               p - ring of Uxtotsei {rElec rPois SInv}
MPRegen 0.17/turn               U - ring of Duleuj {rN+ Will++ rCorr}

@: mighty, agile, strong-willed, on berserk cooldown, regenerating, slowed, very
slow
A: rugged brown scales 2, demonic guardian 3, powered by pain 3, demonic touch 2
}: 2/15 runes: decaying, gossamer
a: Renounce Religion, Berserk, Trog's Hand, Brothers in Arms


You were on level 3 of the Vaults.
You worshipped Trog.
Trog was extremely pleased with you.
You visited 7 branches of the dungeon, and saw 37 of its levels.
You visited the Abyss 2 times.
You also visited: Sewer, Gauntlet and Ice Cave.

You collected 4173 gold pieces.
You spent 1501 gold pieces at shops.

Inventory:

Hand Weapons
 a - a +2 eveningstar of flaming
 b - a +0 fustibalus
 w - the +7 broad axe of Watchfulness (weapon) {vorpal, Str+5 Stlth+}
   (You found it on level 4 of the Dungeon)

   It inflicts extra damage upon your enemies.
   Str:       It affects your strength (+5).
   Stlth:     It makes you more stealthy.
Missiles
 c - 309 sling bullets
 i - 70 poisoned darts (quivered)
 q - 4 curare-tipped darts
 K - 18 javelins
 V - 843 stones
Armour
 d - a scarf of resistance (worn)
 o - the +27 Lear's hauberk (worn)
   (You found it on level 6 of the Dungeon)
 y - a +1 kite shield of positive energy (worn)
Jewellery
 n - an amulet of reflection (around neck)
 p - the ring of Uxtotsei (left hand) {rElec rPois SInv}
   (You acquired it on level 4 of the Swamp)

   [ring of see invisible]

   rElec:     It insulates you from electricity.
   rPois:     It protects you from poison.
   SInv:      It lets you see invisible.
 s - a +4 ring of slaying
 O - a ring of fire
 T - the ring of Kesiyrphe {Fly Str+4}
   (You found it on level 2 of the Swamp)

   [ring of flight]

   Str:       It affects your strength (+4).
   Fly:       It grants you flight.
 U - the ring of Duleuj (right hand) {rN+ Will++ rCorr}
   (You found it in an ice cave)

   [ring of resist corrosion]

   rN:        It protects you from negative energy.
   rCorr:     It protects you from acid and corrosion.
   Will:      It greatly increases your willpower.
Wands
 f - a wand of digging (23)
 m - a wand of mindburst (30)
 x - a wand of charming (3)
 C - a wand of flame (77)
 E - a wand of acid (8)
 G - a wand of iceblast (22)
 M - a wand of paralysis (33)
 N - a wand of polymorph (31)
Scrolls
 h - 14 scrolls of teleportation
 j - a scroll of enchant armour
 l - a scroll of enchant weapon
 u - a scroll of magic mapping
 L - 7 scrolls of fog
 P - 4 scrolls of summoning
Potions
 e - 6 potions of attraction
 g - 13 potions of curing
 k - 3 potions of berserk rage
 r - 7 potions of ambrosia
 t - 4 potions of heal wounds
 v - 2 potions of flight
 z - 3 potions of lignification
 A - 4 potions of haste
 B - 2 potions of mutation
 D - a potion of cancellation
 I - 3 potions of invisibility
 J - 3 potions of might
Miscellaneous
 S - a phial of floods (inert)


   Skills:
 - Level 14.4 Fighting
 - Level 15.8(18.0) Axes
 - Level 14.3(17.2) Maces & Flails
 - Level 14.0 Slings
 - Level 15.8 Armour
 - Level 6.0 Dodging
 + Level 17.2 Shields
 - Level 9.0 Evocations


You had 19 spell levels left.
You didn't know any spells.
Your spell library contained the following spells:

 Spells                   Type           Power      Damage    Failure   Level
 Blade Hands              Tmut           0%         N/A       100%        5
 Irradiate                Conj/Tmut      0%         3d14      100%        5
 Dragon Form              Tmut           0%         N/A       100%        7


Dungeon Overview and Level Annotations

Branches:
Dungeon (15/15)            Temple (0/1) D:5            Lair (6/6) D:11
  Swamp (4/4) Lair:2       Spider (4/4) Lair:2        Slime (0/5) Lair:5
    Orc (2/2) D:12            Elf (3/3) Orc:2        Vaults (3/5) D:13
 Depths (0/4) D:15          Sewer (visited)           IceCv (visited)
Gauntlet (visited)
  Crypt: Vaults:2-3

Altars:
Ashenzari
Cheibriados
Elyvilon
Fedhas
Hepliaklqana
Kikubaaqudgha
Nemelex Xobeh
Ru
Sif Muna
Trog
Vehumet
Wu Jian
Yredelemnul
Zin
The Shining One
Jiyva
Lugonu

Shops:
D:4 [   D:6 *   D:9 =   D:12 *   Orc:1 ?*   Orc:2 [!(*   Vaults:1 *
Vaults:2 *

Portals:
Abyss: Lair:6

Annotations:
Swamp:2 1 runed translucent door, Ziupeca's ghost, journeyman VSBr


Innate Abilities, Weirdness & Mutations

You are mostly covered in rugged brown scales. (AC +2, +5% HP)
A powerful demonic guardian rushes to your aid.
You are powered by pain.
Your touch may inflict irresistible damage on your foes.


Message History

The orc warlord hits your stone giant with a +3 broad axe!
You barely miss the orc warlord.
The orc warlord is moderately wounded.
The harpy's soul is no longer bound.
Your stone giant barely misses the orc warlord.
Electricity crackles from the ironbound thunderhulk's apparatus.
The bolt of lightning misses you.
The vault sentinel blows a loud note on a signal horn!
You block the orc warlord's attack.
The orc warlord hits your stone giant with a +3 broad axe!!
Your stone giant hits the orc warlord!!!
You hear a horrible gurgling sound! x3
Unknown command.
Press: ? - help, v - describe, . - travel
Here: a necromancer, wielding a +0 dagger and wearing a +0 robe The floor.
Unknown command.
Unknown command.
Aiming: Corrosive Bolt
Press: ? - help, Shift-Dir - straight line, f - necromancer
Aim: a necromancer, wielding a +0 dagger and wearing a +0 robe (64% to hit)
The bolt of acid hits the orc warlord!!
The orc warlord is almost dead.
The bolt of acid hits the ettin!
The ettin is moderately wounded.
The bolt of acid hits the ironbound thunderhulk!
The acid corrodes the ironbound thunderhulk!
The ironbound thunderhulk is lightly wounded.
The bolt of acid hits the necromancer!!
The acid corrodes the necromancer!
The necromancer is heavily wounded.
The bolt of acid hits the ironbound convoker!!
The acid corrodes the ironbound convoker!
The ironbound convoker is heavily wounded.
You hear a shout!
The vault sentinel's soul is no longer bound.
Your stone giant hits the orc warlord but does no damage.
The ironbound convoker gestures at the ironbound convoker while chanting.
The ironbound convoker seems to grow stronger.
The orc warlord hits you with a +3 broad axe!!
You die... #.# ).# .#..#.. ))# ...... ..# CHp.# ..# ppHH

..# #OJ# ..#
#Cc# ..#
#######o#####
###
#.....@○C2..#
#.8.#####.8.#
#...# #...#
#.### ###.#
#########.#
.#
#.......'.# #
#.......#.#
#..≈≈≈..#.#
#..≈≈≈..#..


You could see an orc warlord (soul bound, strong, ally target), an ironbound
thunderhulk (soul bound, corroded), a yaktaur captain (soul bound, ally target),
an ettin (soul bound, strong), a slime creature, 2 ironbound convokers, 3
harpies, a friendly stone giant (summoned, berserk) and a friendly hell beast
(summoned).

Vanquished Creatures
  Boris (Vaults:2)
  Rupert (D:13)
  The ghost of rlgrobin the Hoplite, an adept MiMo of Nemelex Xobeh (Swamp:4)
  Mlioglotl (Spider:3)
  Gastronok (Lair:1)
  2 thorn hunters (Swamp:4)
  Frances (Swamp:1)
  Agnes (Spider:4)
  A tengu reaver (Vaults:3)
  A storm dragon (Vaults:3)
  A fenstrider witch (Swamp:2)
  2 orc warlords
  3 vault wardens
  2 emperor scorpions (Spider:4)
  Louise (Spider:4)
  A ghoul (D:14)
  2 deep elf elementalists
  Aizul (Spider:3)
  3 ghost moths
  A reaper (Abyss:2)
  6 ironbound preservers
  An angel (Abyss:2)
  A war gargoyle (Vaults:2)
  4 entropy weavers
  A minotaur (Gauntlet)
  Nessos (D:13)
  A deep elf demonologist (Vaults:2)
  2 spark wasps
  A deep elf annihilator (Elf:1)
  7 dire elephants
  Azrael (Elf:2)
  5 bunyips
  A crystal guardian (Vaults:2)
  Josephine (D:13)
  3 yaktaur captains
  5 eleionomae
  A shambling mangrove (Swamp:2)
  2 spectral fenstrider witches (Swamp:4)
  A great orb of eyes (Vaults:1)
  4 vault guards
  8 ironbound thunderhulks
  A hell beast (Gauntlet)
  9 boulder beetles
  Erica (Orc:1)
  A peacekeeper (Vaults:2)
  20 hydras
  2 ice dragons (D:15)
  A spriggan air mage (Swamp:4)
  3 ghost crabs
  An ironbound frostheart (Vaults:1)
  14 alligators
  15 centaur warriors
  20 dancing weapons
  An orc high priest (Orc:2)
  A tengu warrior (D:15)
  4 two-headed ogres
  3 thrashing horrors (Lair:6)
  Urug (D:13)
  13 deep elf knights
  9 skeletal warriors
  4 goliath frogs
  3 spriggan druids
  15 deep trolls
  An orange crystal statue (D:15)
  A spatial maelstrom (Abyss:2)
  11 swamp dragons
  5 ironbound convokers
  A phantasmal warrior (Vaults:3)
  3 orc knights
  9 deep elf archers
  3 bog bodies
  5 lindwurms
  5 wizards
  26 deep elf zephyrmancers
  16 orb spiders
  33 deep elf pyromancers
  5 cyclopes
  An orc sorcerer (Orc:1)
  A worldbinder (Abyss:2)
  33 ugly things
  3 oklob plants (D:11)
  4 manticores
  3 large abominations
  4 will-o-the-wisps
  2 moths of wrath
  34 wolf spiders
  8 elephants
  3 ice statues (IceCv)
  5 black mambas
  A gargoyle (D:13)
  2 smoke demons (Lair:6)
  8 vault sentinels
  An unseen horror (shapeshifter) (Elf:3)
  8 rime drakes
  2 kobold demonologists (D:12)
  11 cane toads
  An unseen horror (D:13)
  14 yaktaurs
  8 demonic crawlers
  An entropy weaver simulacrum (IceCv)
  3 freezing wraiths
  A guardian mummy (D:14)
  7 komodo dragons
  6 trolls
  2 ancient zymes (Lair:6)
  2 spectral death drakes (Swamp:4)
  A meliai (shapeshifter) (D:13)
  29 jumping spiders
  3 tyrant leeches
  15 hornets
  32 blink frogs
  Prince Ribbit (D:8)
  9 dream sheep
  8 slime creatures
  68 redbacks
  36 tarantellas
  A water elemental (Elf:1)
  An air elemental (Elf:1)
  3 wyverns
  6 spriggans
  A human (shapeshifter) (D:11)
  A vampire (D:11)
  5 wraiths (D:13)
  29 yaks
  A ynoxinul (Lair:6)
  Grum (D:8)
  5 chaos spawn
  6 basilisks
  16 humans (D:13)
  4 fire elementals
  A steam dragon (D:6)
  4 death yak simulacra (IceCv)
  A harpy simulacrum (IceCv)
  23 vampire mosquitoes
  4 wargs
  12 swamp worms
  An acid dragon (D:11)
  4 hell hounds
  30 orc warriors
  14 water moccasins
  An ice beast (D:7)
  2 swamp drakes (Swamp:4)
  A meliai simulacrum (D:15)
  4 black bears
  A hornet zombie (D:7)
  4 ogres
  5 necrophages
  A sky beast (D:5)
  3 spriggan simulacra (Swamp:4)
  23 wolves
  10 centaurs
  15 small abominations
  4 bullfrogs
  7 kobold brigands
  2 earth elementals
  2 scorpions
  5 killer bees (D:10)
  A water moccasin skeleton (D:5)
  2 elephant simulacra (IceCv)
  5 howler monkeys
  A bullfrog zombie (D:6)
  7 centaur zombies
  A hound (D:7)
  A jelly (D:6)
  11 orc priests
  Crazy Yiuf (D:2)
  A centaur skeleton (D:7)
  2 bullfrog skeletons
  15 orc wizards
  2 iguanas (D:5)
  Natasha (thrice) (D:3)
  A killer bee zombie (D:5)
  A howler monkey zombie (D:9)
  8 mummies (D:14)
  Robin (D:3)
  3 gnolls (D:7)
  5 adders
  2 river rats (D:5)
  13 white imps
  2 ufetubi
  2 worms (D:2)
  2 dart slugs
  96 orcs
  4 ball pythons
  7 endoplasms
  5 giant cockroaches
  21 goblins
  7 hobgoblins
  3 jackals (D:3)
  8 quokkas
  13 bats
  2 frilled lizards
  22 kobolds
  6 rats
1283 creatures vanquished.

Vanquished Creatures (collateral kills)
  A deep elf sorcerer (Vaults:3)
  A vault warden (Vaults:2)
  A yaktaur captain (Vaults:2)
  A spectral fenstrider witch (Swamp:4)
  An ironbound thunderhulk (Vaults:2)
  4 hydras
  3 two-headed ogres (Orc:2)
  An ogre mage (Orc:2)
  An alligator (Swamp:1)
  An ironbound frostheart (Vaults:2)
  A dancing weapon (Elf:2)
  A skeletal warrior (D:14)
  A wretched star (Abyss:2)
  A goliath frog (Swamp:4)
  A large abomination (Abyss:2)
  An orange crystal statue (D:15)
  4 deep elf zephyrmancers
  A deep elf pyromancer (Elf:2)
  An orb spider (Spider:4)
  A worldbinder (Abyss:2)
  A will-o-the-wisp (Abyss:2)
  2 elephants
  A yaktaur (Vaults:2)
  4 blink frogs (Lair:6)
  2 tarantellas (Spider:3)
  A ynoxinul (Abyss:2)
  11 orc warriors (Orc:2)
  A spriggan simulacrum (Swamp:4)
  2 ogres (Orc:2)
  A hound (D:5)
  3 orc priests (Orc:2)
  An orc wizard (Orc:2)
  An ufetubus (Abyss:2)
  10 orcs
69 creatures vanquished.

Vanquished Creatures (others)
  A wizard (Vaults:3)
  A deep elf zephyrmancer (Elf:1)
  A deep elf pyromancer (Elf:2)
  2 bloated husks (Swamp:1)
  A blink frog (Lair:6)
  A redback (Spider:3)
  A swamp worm (Swamp:1)
  A kobold brigand (D:12)
  32 foxfires
  14 fungi
  28 plants
  8 withered plants
91 creatures vanquished.

Grand Total: 1443 creatures vanquished

Notes
Turn   | Place    | Note
-------+----------+-------------------------------------------
     0 | D:1      | jejorda2 the Demonspawn Berserker began the quest for the
                  | Orb.
     0 | D:1      | Reached XP level 1. HP: 18/18 MP: 1/1
   245 | D:1      | Gained mutation: A weak demonic guardian rushes to your
                  | aid. [demonic ancestry]
   245 | D:1      | Reached XP level 2. HP: 17/24 MP: 2/2
  1024 | D:1      | Found a faded altar of an unknown god.
  1470 | D:2      | Gained mutation: A demonic guardian rushes to your aid.
                  | [demonic ancestry]
  1470 | D:2      | Reached XP level 3. HP: 29/29 MP: 3/3
  1549 | D:2      | Found a broken altar of Ashenzari.
  1775 | D:2      | Reached ** piety under Trog
  2293 | D:2      | Found a runed translucent door.
  2294 | D:2      | Noticed Crazy Yiuf
  2304 | D:2      | Killed Crazy Yiuf
  2305 | D:2      | Gained mutation: You are partially covered in rugged brown
                  | scales. (AC +1, +3% HP) [demonic ancestry]
  2305 | D:2      | Reached XP level 4. HP: 37/37 MP: 4/4
  2827 | D:3      | Found a radiant altar of Vehumet.
  2888 | D:3      | Noticed Natasha
  2903 | D:3      | Killed Natasha
  3071 | D:3      | Gained mutation: You sometimes gain a little power by
                  | taking damage. [demonic ancestry]
  3071 | D:3      | Reached XP level 5. HP: 43/43 MP: 5/5
  3342 | D:3      | Noticed Natasha
  3349 | D:3      | Killed Natasha
  3363 | D:3      | Noticed Natasha
  3367 | D:3      | Killed Natasha
  3526 | D:3      | Noticed a black bear
  3538 | D:3      | Reached XP level 6. HP: 49/49 MP: 6/6
  3542 | D:3      | Reached skill level 5 in Maces & Flails
  3840 | D:3      | Reached *** piety under Trog
  3905 | D:3      | Identified the +0 helmet of Joyrr {Str+4 Dex+3}
  3905 | D:3      | Noticed Robin
  3927 | D:3      | Killed Robin
  4834 | D:4      | Identified the +7 broad axe of Watchfulness {vorpal, Str+5
                  | Stlth+}
  4916 | D:4      | Found Owiem's Armour Shoppe.
  4972 | D:4      | Bought a +1 kite shield of positive energy for 175 gold
                  | pieces
  4989 | D:4      | Identified the +6 war axe "Kihis" {pain, Str+6}
  5564 | D:5      | Entered Level 5 of the Dungeon
  5584 | D:5      | Reached skill level 1 in Axes
  5591 | D:5      | Reached XP level 7. HP: 47/56 MP: 7/7
  5600 | D:5      | Reached skill level 1 in Shields
  5606 | D:5      | Found a glowing drain.
  5624 | Sewer    | Entered a sewer
  5660 | Sewer    | Reached skill level 5 in Fighting
  5997 | D:5      | Reached skill level 2 in Shields
  6014 | D:5      | Found a staircase to the Ecumenical Temple.
  6133 | D:5      | Found a basalt altar of Yredelemnul.
  6140 | D:5      | Found a hazy altar of Hepliaklqana.
  6348 | D:4      | Bought a +0 pair of boots for 58 gold pieces
  6431 | D:6      | Gained mutation: You are mostly covered in rugged brown
                  | scales. (AC +2, +5% HP) [demonic ancestry]
  6431 | D:6      | Reached XP level 8. HP: 57/65 MP: 8/8
  6516 | D:6      | Reached **** piety under Trog
  6816 | D:6      | Noticed a troll
  6824 | D:6      | Killed a troll
  6825 | D:6      | Reached skill level 3 in Shields
  6908 | D:6      | Found the +27 Lear's hauberk
  7046 | D:6      | Reached skill level 5 in Armour
  7199 | D:6      | Found Iblad's Assorted Antiques.
  7202 | D:6      | Bought a scroll of identify for 54 gold pieces
  7264 | D:6      | Found a large runed translucent door.
  7265 | D:6      | Found a large runed translucent door.
  7277 | D:6      | Reached skill level 5 in Axes
  7509 | D:6      | Found a snail-covered altar of Cheibriados.
  7515 | D:6      | Found a shimmering blue altar of Sif Muna.
  7580 | D:7      | Found an ancient bone altar of Kikubaaqudgha.
  7620 | D:7      | Reached XP level 9. HP: 72/72 MP: 9/9
  7681 | D:7      | Identified the +2 plate armour of Death Resistance {*Slow
                  | Int+4}
  7780 | D:7      | Reached skill level 4 in Shields
  7926 | D:7      | Identified the +3 leather armour of Egeod {rElec Str+3
                  | Dex-3}
  8100 | D:8      | Noticed Grum
  8112 | D:8      | Killed Grum
  8199 | D:8      | Found a blossoming altar of Fedhas.
  8230 | D:8      | Found a sacrificial altar of Ru.
  8233 | D:8      | Found a broken altar of Ashenzari.
  8290 | D:8      | Noticed Prince Ribbit
  8301 | D:8      | Killed Prince Ribbit
  8410 | D:8      | Reached skill level 5 in Shields
  8458 | D:8      | Noticed a two-headed ogre
  8458 | D:8      | Reached ***** piety under Trog
  8461 | D:8      | Killed a two-headed ogre
  8462 | D:8      | Gained mutation: You sometimes gain power by taking damage.
                  | [demonic ancestry]
  8462 | D:8      | Reached XP level 10. HP: 79/79 MP: 10/10
  8890 | D:8      | Found a sparkling altar of Nemelex Xobeh.
  9150 | D:9      | Noticed a two-headed ogre
  9157 | D:9      | Killed a two-headed ogre
  9221 | D:9      | Reached skill level 6 in Shields
  9523 | D:9      | Found Atsa Efu's Jewellery Shop.
  9582 | D:9      | Noticed a two-headed hydra
  9591 | D:9      | Killed a two-headed hydra
  9592 | D:9      | Reached XP level 11. HP: 85/85 MP: 11/11
  9666 | D:9      | Found a bloodstained altar of Trog.
  9707 | D:10     | Entered Level 10 of the Dungeon
 10232 | D:10     | Noticed a boulder beetle
 10239 | D:10     | Killed a boulder beetle
 10294 | D:10     | Noticed a deep elf pyromancer
 10305 | D:10     | Killed a deep elf pyromancer
 10306 | D:10     | Reached skill level 10 in Axes
 10306 | D:10     | Reached skill level 7 in Shields
 10811 | D:11     | Noticed a two-headed ogre
 10815 | D:11     | Killed a two-headed ogre
 10820 | D:11     | Found a gate leading to a gauntlet.
 10828 | Gauntlet | Entered a Gauntlet
 10828 | Gauntlet | Noticed a dire elephant
 10828 | Gauntlet | Found a transporter.
 10828 | Gauntlet | Found a transporter.
 10828 | Gauntlet | Found a transporter.
 10855 | Gauntlet | Found a transporter.
 10855 | Gauntlet | Found a transporter.
 10866 | Gauntlet | Found a transporter.
 10885 | Gauntlet | Noticed a hell beast
 10887 | Gauntlet | Found a transporter.
 10905 | Gauntlet | Noticed a tengu warrior
 10909 | Gauntlet | Found a transporter.
 10930 | Gauntlet | Found a transporter.
 10934 | Gauntlet | Found a transporter.
 10934 | Gauntlet | Noticed an oklob plant
 10952 | Gauntlet | Found a transporter.
 11004 | Gauntlet | Found a transporter.
 11061 | Gauntlet | Killed a dire elephant
 11117 | Gauntlet | Identified the ring "Hagrose" {Ice +Blink rElec rPois}
 11136 | Gauntlet | Killed a hell beast
 11343 | Gauntlet | Identified the +8 ring mail "Xigus" {*Slow Int+2 Dex+4}
 11343 | Gauntlet | Noticed a minotaur
 11354 | Gauntlet | Killed a minotaur
 11783 | D:11     | Found a staircase to the Lair.
 11784 | D:11     | Noticed an oklob plant
 11788 | D:11     | Noticed an oklob plant
 11788 | D:11     | Noticed an oklob plant
 11895 | D:11     | Killed an oklob plant
 11908 | D:11     | Reached skill level 8 in Shields
 12136 | D:11     | Killed an oklob plant
 12137 | D:11     | Killed an oklob plant
 12288 | D:11     | Found a broken altar of Ashenzari.
 12328 | D:11     | Gained mutation: A powerful demonic guardian rushes to your
                  | aid. [demonic ancestry]
 12328 | D:11     | Reached XP level 12. HP: 90/92 MP: 12/12
 12945 | D:12     | Received a gift from Trog
 12963 | D:12     | Noticed a two-headed ogre
 12970 | D:12     | Killed a two-headed ogre
 13040 | D:12     | Found Ogesicses's General Store.
 13160 | D:12     | Found a staircase to the Orcish Mines.
 13207 | D:12     | Noticed a centaur warrior
 13221 | D:12     | Killed a centaur warrior
 13927 | Lair:1   | Entered Level 1 of the Lair of Beasts
 13935 | Lair:1   | Noticed Gastronok
 13989 | Lair:1   | Killed Gastronok
 13990 | Lair:1   | Reached skill level 10 in Maces & Flails
 14041 | D:11     | Reached skill level 9 in Shields
 14114 | Lair:1   | Noticed a four-headed hydra
 14127 | Lair:1   | Killed a four-headed hydra
 14900 | Lair:2   | Noticed a seven-headed hydra
 14911 | Lair:2   | Killed a seven-headed hydra
 15226 | Lair:2   | Found a hole to the Spider Nest.
 15364 | Lair:2   | Reached XP level 13. HP: 106/106 MP: 13/13
 15409 | Lair:2   | Found a staircase to the Swamp.
 15838 | Lair:3   | Identified the +5 scale mail "Veassero" {rC+}
 16064 | Lair:3   | Reached skill level 10 in Fighting
 16421 | Lair:3   | Reached skill level 10 in Shields
 18399 | Lair:5   | Found a staircase to the Slime Pits.
 18400 | Lair:5   | Found a viscous altar of Jiyva.
 18865 | Lair:5   | Reached ****** piety under Trog
 19070 | Lair:6   | Entered Level 6 of the Lair of Beasts
 19154 | Lair:6   | Received a gift from Trog
 19593 | Lair:6   | Reached XP level 14. HP: 53/120 MP: 14/14
 20079 | Lair:6   | Reached skill level 11 in Shields
 20169 | Lair:6   | Cast into level 2 of the Abyss (spriggan)
 20232 | Abyss:2  | Noticed an angel
 20243 | Abyss:2  | Killed an angel
 20280 | Abyss:2  | Found a corrupted altar of Lugonu.
 20357 | Abyss:2  | Noticed a reaper
 20371 | Abyss:2  | Killed a reaper
 20388 | Abyss:2  | Noticed a white very ugly thing
 20388 | Abyss:2  | Noticed a white very ugly thing
 20397 | Abyss:2  | Noticed a white very ugly thing
 20448 | Abyss:2  | Noticed a tentacled starspawn
 20452 | Lair:6   | Escaped the Abyss
 20457 | Lair:6   | Received a gift from Trog
 20899 | Lair:6   | Found a corrupted altar of Lugonu.
 20899 | Lair:6   | Found a one-way gate to the infinite horrors of the Abyss.
 21249 | Orc:1    | Entered Level 1 of the Orcish Mines
 21296 | Orc:1    | Noticed Erica
 21303 | Orc:1    | Killed Erica
 21531 | Orc:2    | Entered Level 2 of the Orcish Mines
 21568 | Orc:2    | Reached skill level 12 in Shields
 21571 | Orc:2    | Received a gift from Trog
 21594 | Orc:2    | Found Pael's Distillery.
 21594 | Orc:2    | Found Jihanuschyi's Weapon Emporium.
 21596 | Orc:2    | Found Inot's Assorted Antiques.
 21598 | Orc:2    | Found Zuhocili's Antique Armour Shop.
 21696 | Orc:2    | Found a staircase to the Elven Halls.
 21759 | Orc:2    | Found a frozen archway.
 21788 | IceCv    | Entered an ice cave
 21794 | IceCv    | Reached XP level 15. HP: 132/132 MP: 15/15
 21822 | IceCv    | Received a gift from Trog
 21828 | IceCv    | Identified a scroll of acquirement
 21828 | IceCv    | Acquired a manual of Shields
 21903 | IceCv    | Reached skill level 1 in Evocations
 22045 | IceCv    | Identified the ring of Duleuj {rN+ Will++ rCorr}
 22548 | Orc:1    | Noticed an orc warlord
 22569 | Orc:1    | Killed an orc warlord
 22570 | Orc:1    | Reached skill level 13 in Shields
 22758 | Orc:1    | Found Teblav's Mass Market.
 22884 | Orc:1    | Found Isutibre's Magic Scroll Boutique.
 22942 | Orc:1    | Bought a scroll of acquirement for 676 gold pieces
 22943 | Orc:1    | Acquired 991 gold pieces
 23019 | D:13     | Noticed Nessos
 23019 | D:13     | Noticed Rupert
 23019 | D:13     | Noticed Urug
 23019 | D:13     | Found a gate to the Vaults.
 23031 | D:13     | Killed Rupert
 23031 | D:13     | Killed Nessos
 23032 | D:13     | Received a gift from Trog
 23034 | D:13     | Killed Urug
 23087 | D:13     | Reached skill level 14 in Shields
 23244 | D:13     | Identified the +1 scale mail "Rijeuh" {rPois rC- Will+
                  | Dex+4}
 23275 | D:13     | Noticed Josephine
 23283 | D:13     | Killed Josephine
 23826 | D:9      | Bought a ring of the Octopus King {AC+1 EV+1 Str+1 Int+1
                  | Dex+1 SInv} for 513 gold pieces
 23826 | D:9      | Found the ring of the Octopus King {AC+1 EV+1 Str+1 Int+1
                  | Dex+1 SInv}
 24367 | D:14     | Reached skill level 15 in Shields
 24374 | D:14     | Reached skill level 5 in Evocations
 24483 | D:14     | Found an ornate altar of the Wu Jian Council.
 24889 | D:15     | Entered Level 15 of the Dungeon
 25287 | D:15     | Identified the +7 quarterstaff of Ycawn {vorpal, rElec
                  | Will+} (Trog gifted it to you on level 15 of the Dungeon)
 25287 | D:15     | Received a gift from Trog
 26013 | D:15     | Found a staircase to the Depths.
 26497 | Spider:1 | Entered Level 1 of the Spider Nest
 26548 | Spider:1 | Reached XP level 16. HP: 125/139 MP: 16/16
 28224 | Spider:2 | Received a gift from Trog
 28819 | Spider:3 | Reached skill level 5 in Dodging
 29713 | Spider:3 | Noticed Aizul
 29725 | Spider:3 | Killed Aizul
 30189 | Spider:4 | Entered Level 4 of the Spider Nest
 30488 | Spider:4 | Noticed Agnes
 30495 | Spider:4 | Killed Agnes
 31006 | Spider:4 | Reached skill level 15 in Axes
 31023 | Spider:4 | Received a gift from Trog
 31030 | Spider:4 | HP: 5/139 [jumping spider (6)]
 31031 | Spider:4 | Noticed Mlioglotl
 31440 | Spider:3 | Killed Mlioglotl
 31441 | Spider:3 | Reached XP level 17. HP: 120/145 MP: 17/17
 31566 | Spider:4 | Noticed Louise
 31570 | Spider:4 | Cast into level 3 of the Abyss (Louise)
 31610 | Spider:4 | Escaped the Abyss
 31626 | Spider:4 | Killed Louise
 32441 | Spider:4 | Reached skill level 10 in Armour
 32757 | Spider:4 | Got a gossamer rune of Zot
 33364 | Swamp:1  | Entered Level 1 of the Swamp
 33379 | Lair:2   | Acquired a manual of Armour
 33428 | Swamp:1  | Noticed Frances
 33440 | Swamp:1  | Killed Frances
 33606 | Swamp:1  | Received a gift from Trog
 34064 | Swamp:1  | Reached skill level 16 in Shields
 34685 | Swamp:2  | Found a runed translucent door.
 34686 | Swamp:2  | Identified the +0 robe "Luxoutumm" {rF+ rC- Str+5 SInv}
 34686 | Swamp:2  | Noticed Ziupeca's ghost (journeyman VSBr)
 34686 | Swamp:2  | Identified the +7 trident of World Downfall {freeze, rC+}
 34832 | Swamp:2  | Identified the ring of Kesiyrphe {Fly Str+4}
 35392 | Swamp:3  | Paralysed by a fenstrider witch for 7 turns
 38783 | Swamp:4  | Entered Level 4 of the Swamp
 38798 | Swamp:4  | Reached skill level 1 in Slings
 38880 | Swamp:4  | Found a runed translucent gate.
 38880 | Swamp:4  | Found a runed translucent gate.
 38880 | Swamp:4  | Found a runed translucent gate.
 38887 | Swamp:4  | Received a gift from Trog
 39098 | Swamp:4  | Gained mutation: Your touch may inflict minor irresistible
                  | damage on your foes. [demonic ancestry]
 39098 | Swamp:4  | Reached XP level 18. HP: 121/154 MP: 18/18
 39754 | Swamp:4  | Got a decaying rune of Zot
 39806 | Swamp:4  | Identified the +8 war axe of Slow Death {vamp, SInv}
 39813 | Swamp:4  | Noticed rlgrobin's ghost (adept MiMo)
 39825 | Swamp:4  | Reached skill level 5 in Slings
 39845 | Swamp:4  | Killed rlgrobin's ghost
 39868 | Swamp:4  | Acquired the ring of Uxtotsei {rElec rPois SInv}
 40363 | Elf:1    | Entered Level 1 of the Elven Halls
 40386 | Elf:1    | Identified the +1 short sword "Taduh" {flame, rC+ Str+6
                  | Dex+2} (Trog gifted it to you on level 1 of the Elven
                  | Halls)
 40386 | Elf:1    | Received a gift from Trog
 40468 | Elf:1    | Identified the +4 plate armour of the Nexus {rPois}
 41372 | Elf:1    | Reached skill level 15 in Armour
 42588 | Elf:1    | Found an ancient bone altar of Kikubaaqudgha.
 42607 | Elf:1    | You fall into a shaft and drop 1 floor!
 42618 | Elf:2    | Received a gift from Trog
 43046 | Elf:2    | Found a runed translucent gate.
 43046 | Elf:2    | Found a runed translucent gate.
 43046 | Elf:2    | Found a runed translucent gate.
 43425 | Elf:2    | Noticed Azrael
 43436 | Elf:2    | Killed Azrael
 44057 | Elf:2    | Gained mutation: You are powered by pain. [demonic
                  | ancestry]
 44057 | Elf:2    | Reached XP level 19. HP: 105/160 MP: 19/19
 44250 | Elf:1    | Found an ancient bone altar of Kikubaaqudgha.
 44619 | Elf:2    | Reached skill level 10 in Slings
 44974 | Elf:3    | Entered Level 3 of the Elven Halls
 45372 | Vaults:1 | Entered Level 1 of the Vaults
 45600 | Vaults:1 | Found Bequa's General Store.
 45821 | Vaults:1 | Received a gift from Trog
 47877 | Vaults:2 | Received a gift from Trog
 48488 | Vaults:2 | Found Woicym's Assorted Antiques.
 48551 | Vaults:2 | Bought a fizzy pink potion for 25 gold pieces
 48564 | Vaults:2 | Noticed Boris
 48592 | Vaults:2 | Killed Boris
 49152 | Vaults:2 | Reached skill level 17 in Shields
 50320 | Vaults:3 | Gained mutation: Your touch may inflict irresistible damage
                  | on your foes. [demonic ancestry]
 50320 | Vaults:3 | Reached XP level 20. HP: 168/168 MP: 20/20
 50324 | Vaults:3 | Identified the +9 flail "Zulyhaonn" {vorpal, rElec Str-2
                  | SInv Stlth-} (Trog gifted it to you on level 3 of the
                  | Vaults)
 50324 | Vaults:3 | Received a gift from Trog
 50488 | Vaults:3 | Mangled by an orc warlord

Illustrated notes

Levels and vault maps discovered:
D:1:      giann_horns, layout_loops_corners, shapermc_ecumenical_altar_pompeii,
          minmay_hedge_maze
D:2:      layout_loops_corners, basic_altar, uniq_crazy_yiuf_cottage
D:3:      kennysheep_goblin_castle, layout_loops_ring, fiery_altar_vehumet,
          uniq_natasha
D:4:      layout_basic, serial_rivers, chequers_serial_rivers_marsh,
          chequers_serial_rivers_room_b, chequers_serial_rivers_micro_a,
          chequers_serial_rivers_micro_a, serial_shops, shop
D:5:      layout_basic, mainiacjoe_overflow_big_doors,
          minmay_temple_entry_slanted, portal_sewer_entry_a
D:6:      layout_basic, jmf_multi_god_temple2, serial_shops, kennysheep_mini,
          hellmonk_guarded_unrand_lears
D:7:      layout_basic, kiku_gazebo_garden_becter
D:8:      layout_basic, good_gods_mini_temple, nemelex_spade_bored_becter,
          nicolae_overflow_hidden_temple, nrook_loot_triangle,
          uniq_prince_ribbit1, uniq_grum
D:9:      layout_cave_pools, trog_book, serial_shops, kennysheep_little_box,
          hangedman_ranch
D:10:     layout_stronghold
D:11:     layout_basic, dpeg_oklobed_lair, gauntlet_entry_generic,
          cheibrodos_ashenzari_chains
D:12:     layout_irregular_city, hiddenorc2_lemuel, serial_shops,
          nicolae_shop_stone
D:13:     layout_loops_ring, david_vaults_3, uniq_josephine
D:14:     layout_long_grid, serial_undead, serial_undead_e, serial_undead_d,
          serial_undead_b, serial_undead_c, serial_undead_c, serial_undead_d,
          serial_undead_d, nicolae_wu_jian_immortal_techniques
D:15:     grunt_enter_depths_hoard, layout_stronghold, corexii_leaking_fountain,
          david_greed
Lair:1:   layout_chaotic_city, uniq_gastronok
Lair:2:   layout_hall_layers, minmay_swamp_entry_swarm,
          spider_nest_entry_rubble, grunt_megastairs_1
Lair:3:   layout_cave_shapes
Lair:4:   layout_layer_cave
Lair:5:   layout_misc_corridors, slime_altar_1
Lair:6:   hellmonk_lair_end_abyssal_woods, layout_small_grid
Swamp:1:  layout_basic_swamp, infiniplex_staircase_pool, uniq_frances
Swamp:2:  layout_falls_marsh, ebering_ghost_funeral_grove,
          nicolae_swamp_triple_paths
Swamp:3:  layout_falls_marsh, hangedman_swamp_ruin_hall
Swamp:4:  swamp_alternative, layout_basic_swamp, gammafunk_ghost_necromancy,
          swamp_pool1
Spider:1: layout_spider_delve, hangedman_spider_tarantella_strand
Spider:2: layout_spider_delve
Spider:3: layout_spider_delve, hangedman_stitches_earthworm, uniq_aizul
Spider:4: grunt_spider_rune_parallel, uniq_louise, uniq_mlioglotl, uniq_agnes
Orc:1:    layout_caves, serial_shops, nicolae_shop_crystal, minmay_shop_mass,
          uniq_erica
Orc:2:    st_orc_rangers, layout_caves, portal_ice_cave_entry_imps
Elf:1:    minmay_elf_arrival_circle, layout_geoelf_octagon, basic_altar,
          minmay_elf_annihilation, lemuel_upstairs_altar
Elf:2:    nicolae_elf_blades_splatter_lattice [infiniplex_blade_entry_pillars],
          layout_onion_city, uniq_azrael
Elf:3:    elf_hall, layout_gridlike, nicolae_trove_entry_columns,
          nicolae_gammafunk_elf_defective_weapons_storage,
          hangedman_decor_cross_pass
Vaults:1: v_misc_25, grunt_vaults_focal, v_misc_26,
          nicolae_vaults_little_squares_6, vaults_room_door_hall,
          ontoclasm_vaults_shuriken, ontoclasm_vaults_decontamination,
          vaults_room_pool, v_misc_23, vaults_dpeg_ring, layout_vaults_omnigrid,
          serial_shops, nicolae_shop_temple_entry_statues_fountains
Vaults:2: v_misc_15, v_rooms_2, vaults_mumra_hex, ontoclasm_vaults_chip,
          hangedman_vaults_river_flow, ontoclasm_vaults_loading_screen,
          v_misc_23, nicolae_vaults_an_arrangement, vaults_room_door_ring,
          layout_vaults_chaotic_city, serial_shops, shop, uniq_boris
Vaults:3: vaults_room_pool, minmay_crypt_entry_necro_gods, vaults_dpeg_cross,
          hangedman_vaults_locks, vaults_dpeg_encased_lava,
          ontoclasm_vaults_spin, st_eye, grunt_vaults_diagonal,
          nicolae_vaults_puzzle_piece, ontoclasm_vaults_chip,
          ontoclasm_vaults_chip, vaults_standard_mumra_enter_the_diamond,
          layout_vaults_omnibox, serial_shops, shop, uniq_sojobo

Skill      XL: |  1  2  3  4  5  6  7  8  9 10 11 12 13 14 15 16 17 18 19 20 |
---------------+-------------------------------------------------------------+-----
Maces & Flails | 3 4 5 6 7 8 11 13 14 | 14.3
Armour         | 2 3 4 5 6 7 9 13 15 | 15.8
Fighting       | 4 5 6 9 12 14 | 14.4
Axes           | 1 3 5 7 9 11 12 13 15 | 15.8
Shields        | 2 3 5 6 8 9 10 12 15 16 17 | 17.2
Evocations     | 6 8 9 |  9.0
Dodging        | 3 6 |  6.0
Slings         | 2 9 14 | 14.0

Action                   |  1- 3 |  4- 6 |  7- 9 | 10-12 | 13-15 | 16-18 | 19-21 || total
-------------------------+-------+-------+-------+-------+-------+-------+-------++-------
Melee: Mace              |   127 |   116 |       |       |       |       |       ||   243
       Broad axe         |       |    13 |   177 |   356 |   812 |   692 |   292 ||  2342
       Morningstar       |       |       |       |    66 |    96 |    82 |       ||   244
       Eveningstar       |       |       |       |       |       |   739 |   391 ||  1130
 Fire: Fustibalus        |       |       |       |       |       |     5 |    33 ||    38
Throw: Stone             |    29 |    12 |     3 |       |       |       |       ||    44
       Dart              |       |       |       |     7 |    21 |   100 |       ||   128
Invok: Berserk           |     3 |     5 |     5 |    11 |    14 |    11 |     2 ||    51
       Trog's Hand       |       |     2 |     1 |     3 |     9 |     3 |     2 ||    20
       Brothers in Arms  |       |       |       |     1 |     7 |     3 |     1 ||    12
 Abil: Evoke Blink       |       |       |       |       |       |     1 |       ||     1
Evoke: Phial of floods   |       |       |       |       |       |     2 |     1 ||     3
       Wand              |       |       |       |       |       |       |     1 ||     1
  Use: Scroll            |       |     1 |    14 |     8 |     5 |     6 |     1 ||    35
       Potion            |       |       |       |     1 |     2 |     1 |       ||     4
 Stab: Distracted        |       |       |       |       |     1 |     4 |     2 ||     7
Armor: Animal skin       |     7 |       |       |       |       |       |       ||     7
       Ring mail         |    27 |    73 |    19 |       |       |       |       ||   119
       Scale mail        |       |       |    10 |       |       |       |       ||    10
       Chain mail        |       |       |    71 |   241 |   527 |   855 |   295 ||  1989
Dodge: Dodged            |    79 |    77 |    65 |    90 |   241 |   453 |   199 ||  1204
Block: Kite shield       |       |     3 |    99 |   338 |   856 |  1333 |   591 ||  3220
       Reflection        |       |       |     2 |    13 |    48 |    31 |    53 ||   147

Table legend: (Time is in decaauts)
 A = Elapsed time spent in this place.
 B = Non-inter-level travel time spent in this place.
 C = Inter-level travel time spent in this place.
 D = Time resting spent in this place.
 E = Time spent auto-exploring this place.
 F = Levels seen in this place.
 G = Mean time per level.
                   A        B        C        D        E       F      G
               +--------+--------+--------+--------+--------+-----+--------+
         Total |  50537 |  45146 |   5391 |   5288 |  31710 |  42 | 1203.3 |
       Dungeon |  18626 |  16287 |   2339 |   1776 |  11886 |  15 | 1241.7 |
          Lair |   8059 |   6997 |   1062 |    755 |   5267 |   6 | 1343.2 |
         Swamp |   4620 |   4230 |    390 |    688 |   2735 |   4 | 1155.0 |
   Spider Nest |   6977 |   6148 |    829 |    476 |   4500 |   4 | 1744.2 |
  Orcish Mines |   1852 |   1446 |    406 |    150 |    787 |   2 |  926.0 |
   Elven Halls |   3985 |   3725 |    260 |    830 |   2236 |   3 | 1328.3 |
        Vaults |   4878 |   4774 |    104 |    144 |   3845 |   3 | 1626.0 |
         Abyss |    350 |    350 |      0 |     84 |      7 |   2 |  175.0 |
         Sewer |    149 |    149 |      0 |     64 |     12 |   1 |  149.0 |
      Ice Cave |    285 |    285 |      0 |    152 |      0 |   1 |  285.0 |
      Gauntlet |    752 |    752 |      0 |    166 |    435 |   1 |  752.0 |
               +--------+--------+--------+--------+--------+-----+--------+

Top non-repeatable levels by time:
Spider:3: 2686 daAuts
Vaults:2: 2469 daAuts
   Elf:2: 2347 daAuts
     D:3: 2100 daAuts
Spider:4: 1971 daAuts
    D:11: 1834 daAuts
Vaults:1: 1811 daAuts
  Lair:2: 1672 daAuts
  Lair:6: 1662 daAuts
    D:15: 1650 daAuts
Spider:1: 1573 daAuts
   Elf:1: 1516 daAuts
  Lair:4: 1460 daAuts
     D:2: 1455 daAuts
    D:12: 1414 daAuts
